 Dungeon Crawl Stone Soup version 0.28.0-45-g0d030f2227 (webtiles) character file.

Game seed: 6826864140693307939

1801 McKennaii the Skirmisher (level 8, -1/71 HPs)
             Began as a Demigod Fighter on Apr 20, 2022.
             Engulfed by a cloud of flame (17 damage)
             ... on level 5 of the Dungeon.
             The game lasted 00:06:47 (5113 turns).

McKennaii the Skirmisher (Demigod Fighter)          Turns: 5113, Time: 00:06:48

Health: -1/71      AC: 13    Str: 25    XL:     8   Next: 53%
Magic:  10/10      EV:  8    Int: 10    God:
Gold:   279        SH:  6    Dex: 22    Spells: 7/7 levels left

rFire   . . .      SeeInvis .   b - +9 demon trident of Skirmishing {drain, rN+ rCorr Dex+3}
rCold   . . .      Faith    .   c - +0 buckler
rNeg    + . .      Spirit   .   s - +0 chain mail
rPois   .          Reflect  .   (no helmet)
rElec   .          Harm     .   (no cloak)
rCorr   +          Rampage  .   h - +0 pair of gloves
Will    .....                   x - +1 pair of boots
Stlth   ..........              i - amulet of regeneration
HPRegen 1.01/turn               f - +6 ring of dexterity
MPRegen 0.12/turn               p - ring of wizardry

@: no status effects
A: high MP 1, forlorn, divine attributes
a: no special abilities


You were on level 5 of the Dungeon.
You visited 1 branch of the dungeon, and saw 6 of its levels.

You collected 279 gold pieces.

Inventory:

Hand Weapons
 a - a +0 trident
 b - the +9 demon trident of Skirmishing (weapon) {drain, rN+ rCorr Dex+3}
   (You acquired it on level 5 of the Dungeon)

   A truly terrible weapon, it drains the life of any living foe it strikes.
   Dex:       It affects your dexterity (+3).
   rN:        It protects you from negative energy.
   rCorr:     It protects you from acid and corrosion.
Missiles
 u - a throwing net (quivered)
Armour
 c - a +0 buckler (worn)
 h - a +0 pair of gloves (worn)
 s - a +0 chain mail (worn)
 x - a +1 pair of boots (worn)
Jewellery
 f - a +6 ring of dexterity (left hand)
 i - an amulet of regeneration (around neck)
 p - a ring of wizardry (right hand)
 q - a ring of positive energy
 t - a ring of willpower
Wands
 y - a wand of paralysis (14)
 D - a wand of flame (20)
Scrolls
 k - 5 scrolls of identify {unknown}
 n - a scroll of enchant armour {unknown}
 o - a scroll of fear {unknown}
 r - a scroll of noise {unknown}
 w - a scroll of enchant weapon {unknown}
 B - a scroll of teleportation {unknown}
 E - a scroll of brand weapon {unknown}
Potions
 d - 3 potions of might
 j - 2 potions of lignification {unknown}
 l - 2 potions of curing
 v - 3 potions of magic {unknown}
 z - a potion of degeneration {unknown}
 A - a potion of ambrosia {unknown}
 C - a potion of invisibility {unknown}
 F - 2 potions of haste {unknown}


   Skills:
 + Level 6.4 Fighting
 + Level 6.0 Polearms
 + Level 6.4 Armour
 - Level 4.0 Shields


You had 7 spell levels left.
You didn't know any spells.
Your spell library was empty.

Dungeon Overview and Level Annotations

Branches:
Dungeon (6/15)             Temple (0/1) D:5


Innate Abilities, Weirdness & Mutations

You have an increased reservoir of magic. (+10% MP)
You shall have no god before yourself.
Your divine heritage dramatically boosts your attributes as you level up.


Message History

The yak gores you! The yak gores you.
You puncture the yak!
The yak is moderately wounded.
You block the yak's attack. The yak gores you.
As you read the scroll labelled VAIPHI LUZYHE, it crumbles to dust.
It is a scroll of amnesia.
You feel forgetful for a moment. The yak gores you but does no damage.
The yak closely misses you.
As you read the scroll labelled ZUR JOUZAKU, it crumbles to dust.
The creatures around you are filled with an inner flame!
It was a scroll of immolation.
The yak gores you but does no damage. The yak gores you.
This is a scroll of acquirement!
Something appears at your feet! The yak gores you. You block the yak's attack.
Unknown command.
Okay, then.
You feel agile.
You sense an unholy aura.
b - the +9 demon trident of Skirmishing (weapon)
{drain, rN+ rCorr Dex+3} Unknown command.
You puncture the yak!
Flame seeps out of the yak. x2; You drain the yak.
The yak is heavily wounded.
The yak gores you but does no damage.
The yak is engulfed in blazing flames.
Flame seeps out of the yak.
The yak gores you.
Okay, then.
Okay, then.
You puncture the yak!
Flame seeps out of the yak.
The yak is moderately wounded.
The yak is engulfed in blazing flames.
Flame seeps out of the yak.
The yak gores you but does no damage.
The yak is engulfed in blazing flames.
The yak explodes!
The fiery explosion engulfs you!
* * * LOW HITPOINT WARNING * * *
The fiery explosion engulfs the yak.
Flame seeps out of the yak.
The yak is severely wounded.
Your Polearms skill increases to level 6!
Unknown command.
Unknown command.
You are engulfed in blazing flames.
You die...

#.....# ##.## ##.....
#.._..# #.# ##......
#§§...# #.# ##...#.##
#§§≈≈.#
#.####......##
#§≈≈≈≈#
#.............
#≈≈.≈≈#
######......##
#≈#.#≈# ##....#..
#####
###############..###.
#...#
#..§@§#.......#<## ##
#.###
#####Y#.#####.##.###.
#.#
#.........##.###.#.#
#.#######
#.##.#.##.##.# #..##
#.##.##.#
#.##.#.##.##.# #..#.
#.......#
#.##.#.......# #....
#.##.#.##
#.##.####.#### #..#.
#.#..#.#######.##.##
#.# #..#.
#.#.##.#.....#.##<.#
#.######....


You could see a yak (inner flame).

Vanquished Creatures
  Maggie (D:6)
  3 yaks
  A wyvern (D:5)
  An ogre (D:4)
  An ice beast (D:5)
  A centaur (D:5)
  A phantom (D:5)
  A scorpion (D:4)
  2 bullfrog zombies (D:5)
  3 orc priests
  A jelly (D:5)
  A bullfrog skeleton (D:4)
  2 orc wizards
  Terence (D:2)
  A killer bee zombie (D:6)
  A howler monkey zombie (D:3)
  8 gnolls (D:3)
  6 adders
  2 ufetubi (D:6)
  6 dart slugs
  12 orcs
  7 ball pythons
  4 endoplasms
  6 giant cockroaches
  12 goblins
  10 hobgoblins
  A quokka (D:4)
  7 bats
  A frilled lizard (D:3)
  9 kobolds
  3 rats
116 creatures vanquished.

Notes
Turn   | Place    | Note
-------+----------+-------------------------------------------
     0 | D:1      | McKennaii the Demigod Fighter began the quest for the Orb.
     0 | D:1      | Reached XP level 1. HP: 18/18 MP: 3/3
   314 | D:1      | Reached XP level 2. HP: 21/25 MP: 4/4
  1060 | D:2      | Reached XP level 3. HP: 29/31 MP: 5/5
  1109 | D:2      | Noticed Terence
  1692 | D:2      | Killed Terence
  1693 | D:2      | Reached XP level 4. HP: 16/38 MP: 6/6
  2065 | D:3      | Reached XP level 5. HP: 45/45 MP: 7/7
  2164 | D:3      | Identified the +1 leather armour "Gygul" {Rampage rPois rN+
                  | Stlth+}
  2726 | D:4      | Reached XP level 6. HP: 52/52 MP: 8/8
  3234 | D:4      | Paralysed by a goblin for 6 turns
  3487 | D:5      | Entered Level 5 of the Dungeon
  3643 | D:5      | Found a staircase to the Ecumenical Temple.
  3876 | D:5      | Reached XP level 7. HP: 47/60 MP: 9/9
  3896 | D:5      | Noticed a wyvern
  3991 | D:5      | Reached skill level 5 in Fighting
  3991 | D:5      | Reached skill level 5 in Armour
  4470 | D:5      | Killed a wyvern
  4765 | D:6      | Noticed Maggie
  4895 | D:6      | HP: 2/56 [Maggie/+0 scimitar of draining (4)]
  4901 | D:6      | Killed Maggie
  4902 | D:6      | Reached skill level 5 in Polearms
  4902 | D:6      | Reached XP level 8. HP: 44/70 MP: 10/10
  5109 | D:5      | Identified a scroll of acquirement
  5109 | D:5      | Acquired the +9 demon trident of Skirmishing {drain, rN+
                  | rCorr Dex+3}
  5113 | D:5      | Engulfed by a cloud of flame

Illustrated notes

Levels and vault maps discovered:
D:1:      erik_arrival_orb_chamber, layout_basic, basic_ecumenical_altar,
          hangedman_decor_opposing, skrybe_limestone_x, kennysheep_flooded_box
D:2:      layout_basic, uniq_terence
D:3:      layout_basic
D:4:      layout_loops_ring, serial_rivers, chequers_serial_rivers_marsh,
          chequers_serial_rivers_micro_c, chequers_serial_rivers_small_3,
          chequers_serial_rivers_room_b, nicolae_zen_rock_garden, minivault_1
D:5:      minmay_chambers_of_fours, layout_loops_cross,
          nicolae_wu_jian_glorious_leap, minmay_temple_entry_large_hall
D:6:      layout_rooms, uniq_maggie

Skill      XL: |  1  2  3  4  5  6  7  8 |
---------------+-------------------------+-----
Polearms       | 2 3 4 5 6 |  6.0
Armour         | 3 4 5 6 |  6.4
Fighting       | 3 4 5 6 |  6.4
Shields        | 3 4 |  4.0

Action                   |  1- 3 |  4- 6 |  7- 9 || total
-------------------------+-------+-------+-------++-------
Melee: Trident           |   127 |   245 |   142 ||   514
       Demon trident     |       |       |     2 ||     2
Evoke: Wand              |       |       |     1 ||     1
  Use: Potion            |       |       |     2 ||     2
       Scroll            |       |       |     3 ||     3
 Stab: Paralysed         |       |       |     6 ||     6
Armor: Scale mail        |    60 |    64 |       ||   124
       Chain mail        |       |    50 |    63 ||   113
Dodge: Dodged            |    45 |    78 |    46 ||   169
Block: Buckler           |    32 |    47 |    40 ||   119
